omghax, neutral male scurrid Tourist -.---------- ..}}$.}}...| |}e.(..W..{| |..}..@....| ------------ omghax the Rambler Experience level: 1 Strength: 12 Dexterity: 12 Constitution: 11 Intelligence: 15 Wisdom: 6 Charisma: 17 Health: 9(9) Energy: 2(2) Def: 0 Gold: 321 Moves: 36 Dungeon seed: dmduBCm2nzPBKaup Game ID: omghax_1498612343 Your Inventory: Coins $ - 321 gold pieces Weapons a - 41 blessed +2 darts (in quiver) Armor e - an uncursed +0 Hawaiian shirt (being worn) Comestibles b - 3 uncursed eggs c - 4 uncursed food rations d - an uncursed cram ration f - an uncursed tripe ration g - an uncursed lembas wafer Scrolls i - 4 uncursed scrolls of magic mapping Potions h - 2 blessed potions of extra healing Wands l - an uncursed wand of secret door detection (0:12) Tools j - an uncursed expensive camera (0:35) k - an uncursed credit card m - an uncursed towel Spells and supernatural/magical abilities: Name Level Category Fail Memory W - pray for help -- divine ? -- Your skills at the end: Miscellaneous Skills wands [Basic] Weapon Skills dart [Basic] Spellcasting Skills Final Attributes: You were devoutly aligned. You had infravision. You were very stealthy. You are dead. Vanquished creatures: a kitten Voluntary challenges: You went without food. You did not adorn yourself with jewelry or accessories. You did not cause conflict. You were not invisible. You did not have reflection. You were not displaced. You were an atheist. You never hit with a wielded weapon. You were a pacifist. You did not use tools. You did not use plumbed fixtures. You did not drink any magical draughts. You were illiterate. You never genocided any monsters. You never polymorphed an object. You never changed form. You used no wishes. You never split a pudding. You never wrote Elbereth's name. You never violated your personal moral code. Dungeon overview: The Dungeons of Doom: levels 1 to 15 Level 1 a long staircase Level 2 Level 3 Level 4 Level 5 Level 6 Level 7 Level 8 a fountain Level 9 a fountain Level 10 Level 11 Level 12 a throne Level 13 Level 14 a general store Level 15 <- You were here a fountain History has recorded: On T:1 you entered the Dungeons of Doom to retrieve the Amulet of Yendor! On T:4 you reached level 2 of The Dungeons of Doom. On T:7 you reached level 3 of The Dungeons of Doom. On T:9 you reached level 4 of The Dungeons of Doom. On T:11 you reached level 5 of The Dungeons of Doom. On T:13 you reached level 6 of The Dungeons of Doom. On T:16 you reached level 7 of The Dungeons of Doom. On T:18 you reached level 8 of The Dungeons of Doom. On T:20 you reached level 9 of The Dungeons of Doom. On T:22 you reached level 10 of The Dungeons of Doom. On T:26 you reached level 11 of The Dungeons of Doom. On T:28 you reached level 12 of The Dungeons of Doom. On T:31 you reached level 13 of The Dungeons of Doom. On T:33 you reached level 14 of The Dungeons of Doom. On T:35 you reached level 15 of The Dungeons of Doom. Score breakdown: Gold: 0 ( 0 points) Experience: 1 level ( 0 points) Exploration: 15 levels ( 420 points) Discoveries: 2 items ( 100 points) Variety of kills: 1 monster ( 50 points) Major goal: (nothing yet) ( 0 points) Survival: died (score multiplied by 3) Total score: 1710 Latest messages: You continue digging downward. You dig a pit in the floor. You continue digging downward. You dig a hole through the floor. You fall through... "Aloha, omghax! Welcome to Annootok's general store!" You see here 2 eggs (18 zorkmids). Annootok drinks a cloudy potion! Annootok seems more experienced. You start digging downward. "Be careful, sir, or you might fall through the floor." You continue digging downward. You dig a pit in the floor. You continue digging downward. You dig a hole through the floor. You fall through... You receive a faint telepathic message from Twoflower: Your help is urgently needed at Ankh-Morpork! Look for a ...ic transporter. You couldn't quite make out that last message. You start digging downward. The wraith touches you! Final status: Aloha omghax the Tourist, drained of life by a wraith... You died in The Dungeons of Doom on dungeon level 15 with 1710 points, and 321 pieces of gold, after 36 moves. You were level 1 with a maximum of 9 hit points when you died.